 Dungeon Crawl Stone Soup version 0.29.1-4-g47bece8355 (webtiles) character file.

Game seed: 15291006476919140715

8 cdecastro the Firebug (level 2, -1/15 HPs)
             Began as a Deep Elf Fire Elementalist on Dec 12, 2022.
             Slain by a quokka (3 damage)
             ... on level 1 of the Dungeon.
             The game lasted 00:01:05 (417 turns).

cdecastro the Firebug (Deep Elf Fire Elementalist)   Turns: 417, Time: 00:01:05

Health: -1/15      AC:  2    Str:  5    XL:     2   Next: 0%
Magic:  4/8        EV: 12    Int: 19    God:
Gold:   39         SH:  0    Dex: 15    Spells: 6/7 levels left

rFire   . . .      SeeInvis .   d - +2 short sword (holy)
rCold   . . .      Faith    .   (no shield)
rNeg    . . .      Spirit   .   a - +0 robe
rPois   .          Reflect  .   (no helmet)
rElec   .          Harm     .   (no cloak)
rCorr   .          Rampage  .   (no gloves)
Will    .....                   (no boots)
Stlth   ++........              (no amulet)
HPRegen 0.05/turn               (no ring)
MPRegen 0.11/turn               (no ring)

@: no status effects
A: no striking features
a: no special abilities


You were on level 1 of the Dungeon.
You visited 1 branch of the dungeon, and saw 1 of its levels.

You collected 39 gold pieces.

Inventory:

Hand Weapons
 d - a +2 short sword of holy wrath (weapon)
Armour
 a - a +0 robe (worn)
Potions
 b - a potion of magic
 c - a potion of brilliance {unknown}
 e - a potion of flight {unknown}


   Skills:
 - Level 2.4 Dodging
 - Level 2.4 Stealth
 - Level 3.0 Spellcasting
 - Level 1.1 Conjurations
 + Level 3.9 Fire Magic


You had 6 spell levels left.
You knew the following spells:

 Your Spells              Type           Power      Damage    Failure   Level
a - Foxfire               Conj/Fire      48%        2x1d6     5%          1

Your spell library contained the following spells:

 Spells                   Type           Power      Damage    Failure   Level
 Scorch                   Fire           36%        2d7       4%          2
 Conjure Flame            Conj/Fire      12%        6-21      16%         3
 Inner Flame              Hex/Fire       10%        N/A       21%         3
 Flame Wave               Conj/Fire      12%        2d6       47%         4


Dungeon Overview and Level Annotations

Branches:
Dungeon (1/15)

Altars:


Message History

Found a whip.
A goblin is nearby!
A goblin is nearby!
A goblin is nearby!
The goblin shouts!
A bat comes into view.
A quokka comes into view.
A dart slug comes into view.
Found a scroll labelled HIARAV HUHAD and a whip.
The goblin hits you with a +0 club.
Casting: Foxfire (safe; 5% risk of failure)
Press: ? - help, Q - select action Dir - look around, f - activate You conjure some foxfire!
The quokka barely misses you. The goblin closely misses you.
An endoplasm comes into view.
The quokka bites you.
* * * LOW HITPOINT WARNING * * *
You hit the quokka.
The quokka is lightly wounded.
The foxfire hits the quokka.
The quokka is severely wounded.
The foxfire hits the goblin.
The goblin is moderately wounded.
The goblin hits you but does no damage. The quokka bites you.
* * * LOW HITPOINT WARNING * * *
The bat barely misses you. The quokka closely misses you.
Unknown command.
Casting: Foxfire (safe; 5% risk of failure)
Press: ? - help, Q - select action Dir - look around, f - activate You conjure some foxfire!
The foxfire hits the bat.
You kill the bat!
The quokka misses you.
You have reached level 2!
Your foxfire dissipates!
Unknown command.
Casting: Foxfire (safe; 5% risk of failure)
Press: ? - help, Q - select action Dir - look around, f - activate You conjure some foxfire!
The quokka bites you.
You die...

##########################
?...)..gr@v...............
###....w##################
#....... ..........
#........ ##........
........... # #.........
##.#####.... +.#.........
#) ....J #.#......... #
......#...........
#..........


You could see a dart slug, a quokka (ally target) and a goblin.

Vanquished Creatures
  2 endoplasms (D:1)
  A kobold (D:1)
  2 quokkas (D:1)
  A bat (D:1)
  A frilled lizard (D:1)
7 creatures vanquished.

Vanquished Creatures (others)
  15 foxfires (D:1)
15 creatures vanquished.

Grand Total: 22 creatures vanquished

Notes
Turn   | Place    | Note
-------+----------+-------------------------------------------
     0 | D:1      | cdecastro the Deep Elf Fire Elementalist began the quest
                  | for the Orb.
     0 | D:1      | Reached XP level 1. HP: 10/10 MP: 6/6
   416 | D:1      | Reached XP level 2. HP: 2/15 MP: 5/8
   417 | D:1      | Slain by a quokka

Illustrated notes

Levels and vault maps discovered:
D:1:      dpeg_arrival_simpleton_a, layout_basic, shapermc_ecumenical_altar_gd

Action                   || total
-------------------------++-------
Melee: Short sword       ||     3
 Cast: Foxfire           ||    12
Armor: Robe              ||     1
Dodge: Dodged            ||    12
